 Dungeon Crawl Stone Soup version 0.27-a0-475-g4587593e40 (webtiles) character file.

Game seed: 2823932701413196134

471 EnegeticOcto the Scratcher (level 6, 28/28 HPs)
             Began as a Felid Transmuter on Mar 1, 2021.
             Was a Believer of Ashenzari.
             Quit the game on level 5 of the Dungeon.
             The game lasted 00:16:09 (8920 turns).

EnegeticOcto the Scratcher (Felid Transmuter)       Turns: 8920, Time: 00:16:11

Health: 28/28      AC:  2    Str:  6    XL:     6   Next: 83%
Magic:  10/10      EV: 19    Int: 14    God:    Ashenzari [**....]
Gold:   143        SH:  0    Dex: 19    Spells: 1/9 levels left
                                        Lives:  1   Deaths: 1

rFire    + . .     SeeInvis +     - Unarmed
rCold    + . .     Faith    .   (shield unavailable)
rNeg     . . .     Spirit   .   (armour unavailable)
rPois    .         Reflect  .   (helmet unavailable)
rElec    .         Harm     .   (cloak unavailable)
rCorr    .         Rampage  .   (gloves unavailable)
Will     .....                  (boots unavailable)
Stlth    +++.......             c - amulet "Henotheism of the Sky" {Acrobat, Self, Bglg} (curse)
HPRegen  0.09/turn              n - ring of protection from fire
MPRegen  0.12/turn              (no ring)

@: quick
A: very small, no armour, no weapons or thrown items, stealth, antennae 1, claws
1, fangs 3, see invisible, cold resistance 1, speed 1, shaggy fur 2, wild magic
1, sharp paws
a: Renounce Religion, Shatter the Chains


You were on level 5 of the Dungeon.
You worshipped Ashenzari.
Ashenzari was pleased with you.
You visited 1 branch of the dungeon, and saw 5 of its levels.

You collected 239 gold pieces.
You spent 96 gold pieces at shops.

Inventory:

Jewellery
 c - the cursed amulet "Henotheism of the Sky" (around neck) {Acrobat, Self, Bglg}
   (You found it on level 1 of the Dungeon)

   [amulet of the acrobat]

   It helps you evade while moving and waiting.
   It has a curse placed upon it.
 n - a ring of protection from fire (left paw)
   (You took it off an orc on level 3 of the Dungeon)
Wands
 g - a wand of charming (7)
   (You took it off Ijyb on level 5 of the Dungeon)
 k - a wand of paralysis (8)
   (You found it on level 2 of the Dungeon)
 p - a wand of iceblast (5) {@v2}
   (You found it on level 3 of the Dungeon)
Scrolls
 b - 4 scrolls of teleportation {@r3 !r}
 e - a scroll of magic mapping {@r5 !r}
 f - 3 scrolls of fear {!r}
 o - 3 scrolls of amnesia
Potions
 a - a potion of brilliance
 d - 2 potions of heal wounds {@q2 !q}
 i - a potion of magic
 j - 3 potions of haste {@q4 !q}
 l - a potion of berserk rage
 m - 3 potions of cancellation


   Skills:
 - Level 3.0(5.5) Fighting
 - Level 3.2 Dodging
 - Level 3.0 Stealth
 - Level 5.4 Unarmed Combat
 - Level 2.0(4.2) Spellcasting
 - Level 4.0 Transmutations
 + Level 2.9 Ice Magic
 - Level 4.0 Poison Magic


You had one spell level left.
You knew the following spells:

 Your Spells              Type           Power        Failure   Level
a - Beastly Appendage     Tmut           36%          6%          1
b - Spider Form           Tmut/Pois      9%           16%         3
c - Ice Form              Ice/Tmut       16%          50%         4

Your spell library contained the following spells:

 Spells                   Type           Power        Failure   Level
 Wereblood                Tmut           18%          9%          2
 Blade Hands              Tmut           9%           78%         5


Dungeon Overview and Level Annotations

Branches:
Dungeon (5/15)
 Temple: D:4-7

Altars:
Ashenzari
Dithmenos
Hepliaklqana
Nemelex Xobeh
Ru
Vehumet
The Shining One

Shops:
D:5 **


Innate Abilities, Weirdness & Mutations

You cannot wear armour.
You are incapable of wielding weapons or throwing items.
Your paws allow you to move quietly. (Stealth)
You have sharp claws.
You have razor-sharp teeth.
You have supernaturally acute eyesight. (SInv)
You cover ground quickly.
You are covered in thick fur. (AC +2)
Your sharp claws are effective at attacking unaware monsters.
You have a pair of small antennae on your head.
Your flesh is cold resistant. (rC+)
Your spells are a little harder to cast, but a little more powerful.


Message History

Confirm with . or Enter, or press ? or * to list all spells.
The spell is quite dangerous to cast (11% risk of failure)!
Continue anyway? [Y]es or [N]o only, please.
The spell is quite dangerous to cast (11% risk of failure)!
Continue anyway? [Y]es or [N]o only, please.
The spell is quite dangerous to cast (11% risk of failure)!
Continue anyway?
You turn into a venomous arachnid creature.
You hit the bullfrog zombie.
The bullfrog zombie is lightly damaged.
The bullfrog zombie completely misses you.
You hit the bullfrog zombie.
The bullfrog zombie is lightly damaged.
The bullfrog zombie hits you.
You hit the bullfrog zombie but do no damage.
The bullfrog zombie is lightly damaged.
The bullfrog zombie hits you.
You hit the bullfrog zombie.
The bullfrog zombie is moderately damaged.
The bullfrog zombie barely misses you.
The bullfrog zombie completely misses you.
You bite the bullfrog zombie!
The bullfrog zombie is heavily damaged.
The bullfrog zombie hits you.
You bite the bullfrog zombie!
The bullfrog zombie is severely damaged.
The bullfrog zombie misses you.
You hit the bullfrog zombie but do no damage.
The bullfrog zombie is severely damaged.
The bullfrog zombie completely misses you.
You hit the bullfrog zombie.
The bullfrog zombie is severely damaged.
The bullfrog zombie barely misses you.
You hit the bullfrog zombie.
The bullfrog zombie is severely damaged.
Your transformation is almost over.
The bullfrog zombie misses you.
You hit the bullfrog zombie.
The bullfrog zombie is almost destroyed.
The bullfrog zombie misses you.
The bullfrog zombie completely misses you.
You bite the bullfrog zombie!
You destroy the bullfrog zombie!
Your transformation has ended.
Found a +0 rapier.
You now have 239 gold pieces (gained 9).
Found Kumag's General Store.
Found 19 sling bullets.
Found a scroll of identify.
Found 11 stones.
There is an entrance to Kumag's General Store here.
h - a potion of mutation Thank you for shopping at Kumag's General Store!
Really quaff the potion of mutation?
You feel extremely strange.
You feel resistant to cold. A pair of antennae grows on your head!
You feel less in control of your magic.
Unknown command.
You see here a scroll of identify {@r1}.
An ogre comes into view. It is wielding a +0 giant club.
Found a scroll of magic mapping.
An ogre is nearby!
Casting: Spider Form (quite dangerous; 16% risk of failure)
Confirm with . or Enter, or press ? or * to list all spells.
The spell is quite dangerous to cast (16% risk of failure)!
Continue anyway?
You miscast Spider Form.
You are very lightly contaminated with residual magic.
Nothing appears to happen.
The ogre shouts!
Casting: Spider Form (quite dangerous; 16% risk of failure)
Confirm with . or Enter, or press ? or * to list all spells.
The spell is quite dangerous to cast (16% risk of failure)!
Continue anyway?
You turn into a venomous arachnid creature.
You hit the ogre.
The ogre is moderately wounded.
The ogre hits you with a +0 giant club!!
Ouch! That really hurt!
* * * LOW HITPOINT WARNING * * *
You are too injured to fight recklessly!
You are too injured to fight recklessly!
Your magical contamination has completely faded away.
Found 17 arrows.
The ogre misses you. The ogre closely misses you.
The ogre completely misses you. The ogre completely misses you.
The ogre completely misses you. The ogre completely misses you.
Your transformation is almost over.
You hit the ogre but do no damage.
The ogre is poisoned.
The ogre is moderately wounded.
The ogre hits you with a +0 giant club!
Ouch! That really hurt!
You die...
Your shape twists and changes as you die.
You are now level 6!
Your transformation has ended.
You rejoin the land of the living...
Unknown command.
Unknown command.
Are you sure you want to abandon this character and quit the game? (Confirm with "yes".)

#........>..........<....## #..
#...........##...........# #..
#...........##...........# #..
#.....#.###.#........(...# #..
#.....#.# #...#.##..##...# #(.
#...)...###..[..#..###...## ###
#.....###...#..##.#####...##
##..####..#....##.###...#..#
#...####.##.##..@.†...####.######
#..#.....##.###..........#.......
#....####...# #.....####.#.......
#.#.## #..### ####### #....†....
###.# #..## ##..)..... #.....#
##....... ###### #.......
#....... ########


There were no monsters in sight!

Vanquished Creatures
  Edmund (D:4)
  An ogre (D:5)
  A phantom (D:4)
  Blork the orc (D:4)
  A bullfrog zombie (D:5)
  2 bullfrog skeletons
  An orc priest (D:3)
  2 hounds (D:4)
  Ijyb (D:5)
  2 iguanas
  3 orc wizards (D:3)
  A worker ant (D:5)
  A hound skeleton (D:4)
  7 adders
  A white imp (D:2)
  2 oozes
  5 worms
  8 leopard geckos
  8 orcs
  A ball python (D:3)
  7 giant cockroaches
  10 goblins
  13 hobgoblins
  3 jackals (D:1)
  A quokka (D:2)
  6 bats
  9 frilled lizards
  6 kobolds
  6 rats
111 creatures vanquished.

Notes
Turn   | Place    | Note
-------+----------+-------------------------------------------
     0 | D:1      | EnegeticOcto the Felid Transmuter began the quest for the
                  | Orb.
     0 | D:1      | Reached XP level 1. HP: 9/9 MP: 4/4
    65 | D:1      | Reached skill level 1 in Stealth
   127 | D:1      | Reached skill level 2 in Stealth
   293 | D:1      | Reached XP level 2. HP: 12/12 MP: 4/6
   359 | D:1      | Reached skill level 3 in Stealth
   579 | D:1      | Reached skill level 3 in Dodging
   781 | D:1      | Reached XP level 3. HP: 9/15 MP: 4/7
   791 | D:1      | Learned a level 3 spell: Spider Form
  1954 | D:2      | Reached skill level 3 in Transmutations
  1954 | D:2      | Reached skill level 1 in Poison Magic
  2398 | D:2      | Reached XP level 4. HP: 19/19 MP: 6/8
  2585 | D:2      | Reached skill level 2 in Poison Magic
  4989 | D:2      | Reached skill level 3 in Poison Magic
  5086 | D:3      | Reached XP level 5. HP: 22/22 MP: 6/9
  5771 | D:3      | Reached skill level 4 in Poison Magic
  6354 | D:4      | Gained mutation: You are covered in thick fur. (AC +2)
                  | [Felid growth]
  6354 | D:4      | Reached XP level 6. HP: 17/25 MP: 8/10
  6480 | D:4      | Found a broken altar of Ashenzari.
  6527 | D:4      | Became a worshipper of Ashenzari the Shackled
  7067 | D:5      | Entered Level 5 of the Dungeon
  7067 | D:5      | Noticed Ijyb
  7075 | D:5      | Noticed Blork the orc
  7079 | D:5      | Killed Ijyb
  7096 | D:4      | Found a glowing golden altar of the Shining One.
  7438 | D:4      | Found a radiant altar of Vehumet.
  7439 | D:4      | Found a sacrificial altar of Ru.
  7440 | D:4      | Found a sparkling altar of Nemelex Xobeh.
  7440 | D:4      | Found a hazy altar of Hepliaklqana.
  7441 | D:4      | Found a shadowy altar of Dithmenos.
  7499 | D:4      | Reached skill level 2 in Fighting
  7639 | D:4      | Killed Blork the orc
  7640 | D:4      | Reached skill level 4 in Unarmed Combat
  7640 | D:4      | Reached skill level 4 in Transmutations
  7818 | D:4      | Noticed Edmund
  7836 | D:4      | Killed Edmund
  7837 | D:4      | Reached skill level 5 in Unarmed Combat
  7837 | D:4      | Reached XP level 7. HP: 13/30 MP: 9/11
  8011 | D:4      | Reached * piety under Ashenzari
  8011 | D:4      | Identified the cursed amulet "Henotheism of the Sky"
                  | {Acrobat, Self, Bglg} (You found it on level 1 of the
                  | Dungeon)
  8011 | D:4      | Reached ** piety under Ashenzari
  8118 | D:4      | Learned a level 4 spell: Ice Form
  8462 | D:5      | Reached skill level 1 in Ice Magic
  8555 | D:5      | Reached skill level 3 in Fighting
  8574 | D:5      | Found Nuheathru's Armour Boutique.
  8617 | D:5      | Found Axtip's Assorted Antiques.
  8714 | D:5      | Reached skill level 2 in Ice Magic
  8717 | D:5      | Identified the +9 war axe "Ucietuos" {pain, rN+}
  8882 | D:5      | Found Kumag's General Store.
  8890 | D:5      | Bought a potion of mutation for 96 gold pieces
  8890 | D:5      | Gained mutation: Your flesh is cold resistant. (rC+)
                  | [potion of mutation]
  8890 | D:5      | Gained mutation: You have a pair of small antennae on your
                  | head. [potion of mutation]
  8890 | D:5      | Gained mutation: Your spells are a little harder to cast,
                  | but a little more powerful. [potion of mutation]
  8919 | D:5      | Slain by an ogre
  8920 | D:5      | Reached XP level 6. HP: -5/28 MP: 7/10
  8920 | D:5      | Quit the game

Illustrated notes

Levels and vault maps discovered:
D:1:      lemuel_arrival_behind_the_door_large, layout_basic,
          minmay_pentomino_r4
D:2:      layout_rooms, minmay_misc_feat_tower, hangedman_abyss_or_decor_stabs,
          minmay_misc_feat_rows
D:3:      layout_basic
D:4:      layout_basic, ashenzari_altar_1, grunt_temple_overflow_open,
          uniq_edmund
D:5:      layout_rooms, serial_shops, shop_statue, shop,
          nicolae_shop_window_shopping, kennysheep_mini_moat, shop, uniq_ijyb,
          uniq_blork_the_orc

Skill      XL: |  1  2  3  4  5  6  7 |
---------------+----------------------+-----
Stealth        | 2 3 |  3.0
Dodging        | 3 |  3.2
Transmutations | 3 4 |  4.0
Poison Magic   | 1 3 4 |  4.0
Fighting       | 2 3 |  3.0
Unarmed Combat | 5 |  5.4
Ice Magic      | 2 |  2.9
Spellcasting   | |  2.0

Action                   |  1- 3 |  4- 6 |  7- 9 || total
-------------------------+-------+-------+-------++-------
Melee: Unarmed           |   125 |   217 |    57 ||   399
       Headbutt          |    12 |    15 |       ||    27
       Bite              |     6 |    11 |     2 ||    19
       Punch             |       |     1 |     1 ||     2
 Cast: Beastly Appendage |    27 |    33 |       ||    60
       Spider Form       |       |     9 |    10 ||    19
Invok: Curse Item        |       |       |     1 ||     1
 Abil: End Transformatio |       |       |     1 ||     1
Evoke: Wand              |       |     2 |     4 ||     6
  Use: Potion            |     2 |     1 |     1 ||     4
       Scroll            |     1 |     5 |       ||     6
 Stab: Sleeping          |     6 |     4 |     1 ||    11
       Paralysed         |       |     3 |       ||     3
Armor: Skin              |     3 |     9 |     1 ||    13
Dodge: Dodged            |    89 |   178 |    67 ||   334

Table legend: (Time is in decaauts)
 A = Elapsed time spent in this place.
 B = Non-inter-level travel time spent in this place.
 C = Inter-level travel time spent in this place.
 D = Time resting spent in this place.
 E = Time spent auto-exploring this place.
 F = Levels seen in this place.
 G = Mean time per level.
                   A        B        C        D        E       F      G
               +--------+--------+--------+--------+--------+-----+--------+
         Total |   8172 |   8052 |    120 |   1278 |   5370 |   5 | 1634.4 |
       Dungeon |   8172 |   8052 |    120 |   1278 |   5370 |   5 | 1634.4 |
               +--------+--------+--------+--------+--------+-----+--------+

Top non-repeatable levels by time:
     D:3: 2347 daAuts
     D:4: 1929 daAuts
     D:2: 1793 daAuts
     D:1: 1649 daAuts
     D:5: 451 daAuts
